Map: Eastwatch LE

Players

Kremlin

  • Race: Protoss Protoss
  • League: Diamond
  • Spawn Location: 7:00

JaySlays

  • Race: Protoss Protoss
  • Spawn Location: 1:00

TilT

  • Race: Zerg Zerg
  • League: Gold

Wolf

  • Race: Zerg Zerg
  • League: Diamond

VOD

Have the link to the VOD?

Description

Time

  • Played on: April 15, 2018, 7:21 p.m.
  • Length: 10:55
Show
View Real Time Build Order
Export as new Build Order

Kremlin Protoss 

Build Orders:  

Get SALT Encoding   

  12  0:00  Probe (Chrono Boost)  
  13  0:13  Probe (Chrono Boost)  
  14  0:21  Probe (Chrono Boost)  
  15  0:25  Pylon  
  15  0:33  Assimilator  
  15  0:43  Probe  
  16  0:51  Gateway  
  16  0:55  Probe (Chrono Boost)  
  17  1:07  Probe (Chrono Boost)  
  18  1:13  Assimilator  
  18  1:15  Probe (Chrono Boost)  
  19  1:21  Probe  
  19  1:23  Pylon  
  20  1:34  Probe  
  21  1:46  Probe  
  22  1:50  Zealot  
  22  1:51  Cybernetics Core  
  24  1:58  Probe  
  24  2:10  Probe  
  24  2:12  Gateway  
  25  2:22  Probe  
  26  2:26  Warp Gate (Chrono Boost)  
  26  2:30  Stalker  
  28  2:47  Pylon  
  28  2:52  Nexus  
  28  3:04  Pylon  
  28  3:23  Pylon  
  28  3:26  Stalker  
  30  3:27  Stalker  
  32  3:41  Robotics Facility  
  32  3:47  Forge  
  32  3:48  Gateway  
  32  3:54  Probe  
  33  4:00  Stalker  
  35  4:05  Probe (Chrono Boost)  
  36  4:15  Probe (Chrono Boost)  
  37  4:18  Pylon  
  37  4:26  Stalker  
  39  4:38  Protoss Ground Weapons Level 1  
  39  4:41  Observer (Chrono Boost)  
  40  4:51  Stalker  
  40  4:52  Stalker  
  44  4:59  Gateway  
  44  5:00  Gateway  
  44  5:05  Pylon  
  44  5:09  Probe (Chrono Boost)  
  44  5:13  Probe (Chrono Boost)  
  46  5:19  Probe (Chrono Boost)  
  48  5:21  Probe (Chrono Boost)  
  48  5:23  Zealot x2  
  48  5:27  Probe  
  51  5:37  Probe  
  51  5:40  Probe  
  53  5:46  Stalker x2  
  53  5:47  Assimilator  
  53  5:49  Probe  
  52  5:52  Probe  
  52  5:54  Observer  
  54  6:01  Probe, Zealot  
  57  6:05  Pylon  
  57  6:11  Probe  
  57  6:14  Twilight Council  
  57  6:16  Probe  
  59  6:19  Probe  
  60  6:28  Probe x2  
  60  6:29  Zealot  
  64  6:33  Protoss Ground Armor Level 1 (Chrono Boost)  
  64  6:38  Zealot x2  
  64  6:39  Zealot  
  64  7:05  Immortal, Zealot x2  
  64  7:07  Stalker  
  64  7:08  Stalker x2  
  70  7:14  Charge (Chrono Boost)  
  63  7:41  Assimilator  
  63  7:46  Stalker x3  
  63  7:47  Stalker x2  
  73  7:51  Dark Shrine  
  73  7:59  Nexus  
  73  8:02  Pylon  
  73  8:06  Immortal  
  73  8:10  Zealot x2  
  73  8:11  Zealot  
  83  8:13  Protoss Ground Weapons Level 2 (Chrono Boost)  
  83  8:21  Zealot  
  83  8:23  Zealot  
  87  8:45  Warp Prism  
  89  8:52  Stalker  
  89  8:53  Stalker  
  93  8:56  Blink (Chrono Boost)  
  93  9:02  Probe  
  94  9:03  Pylon  
  94  9:04  Pylon  
  94  9:08  Pylon  
  94  9:09  Pylon  
  94  9:11  Pylon  
  94  9:13  Pylon  
  94  9:25  Probe (Chrono Boost)  
  95  9:35  Zealot x3  
  95  9:36  Zealot x2  
  95  9:37  Probe (Chrono Boost)  
  106  9:43  Probe (Chrono Boost)  
  99  9:51  Probe  
  100  9:54  Immortal  
  98  10:01  Zealot x4  
  98  10:02  Zealot  
  58  10:25  Zealot x5  
Show
View Real Time Build Order
Export as new Build Order

JaySlays Protoss 

Build Orders:  

Get SALT Encoding   

  12  0:05  Drone  
  13  0:13  Overlord  
  13  0:20  Drone  
  14  0:31  Drone x2  
  16  0:38  Drone  
  17  0:54  Hatchery  
  16  0:59  Drone  
  16  1:03  Drone  
  18  1:14  Extractor  
  17  1:19  Spawning Pool  
  17  1:20  Drone  
  17  1:33  Drone x2  
  19  2:03  Drone, Overlord  
  19  2:06  Queen x2  
  19  2:07  Zergling x4  
  26  2:18  Metabolic Boost  
  26  2:20  Drone  
  26  2:21  Drone  
  28  2:25  Drone  
  29  2:34  Drone  
  30  2:49  Drone  
  30  2:50  Drone  
  32  2:52  Drone  
  32  2:54  Drone  
  34  2:59  Overlord  
  34  3:00  Hatchery  
  33  3:06  Overlord  
  33  3:13  Drone x2  
  35  3:20  Evolution Chamber  
  35  3:25  Zergling x2  
  35  3:26  Zergling x4  
  36  3:29  Queen  
  36  3:32  Overlord  
  36  3:33  Zergling x2  
  39  3:35  Drone  
  39  3:37  Drone  
  41  3:53  Zerg Missile Weapons Level 1  
  41  3:58  Roach Warren  
  41  4:00  Drone  
  41  4:01  Drone x2  
  41  4:02  Drone, Overlord  
  44  4:03  Drone  
  45  4:12  Queen  
  47  4:26  Zergling x6  
  47  4:27  Overlord, Zergling x2  
  47  4:28  Drone  
  47  4:29  Drone x2  
  51  4:39  Lair  
  51  4:51  Spore Crawler x2  
  51  4:52  Drone  
  52  4:53  Roach x4  
  52  4:54  Overlord  
  52  4:57  Spore Crawler  
  57  5:07  Overlord  
  57  5:08  Roach x2  
  57  5:09  Overlord  
  57  5:12  Extractor  
  60  5:15  Extractor  
  60  5:16  Extractor  
  58  5:23  Drone x7  
  64  5:46  Overlord x2  
  64  5:47  Roach  
  64  5:48  Roach x3  
  64  5:49  Drone x2  
  73  5:50  Drone x3  
  73  5:52  Overlord  
  76  6:06  Drone x3  
  76  6:07  Drone x4  
  76  6:11  Drone x4  
  87  6:22  Ravager  
  88  6:29  Overseer x2  
  88  6:35  Zerg Missile Weapons Level 2  
  88  6:41  Evolution Chamber  
  88  6:42  Hydralisk Den  
  86  6:48  Zergling x2, Ravager  
  86  6:49  Zergling x4  
  86  6:50  Zergling x6  
  86  6:51  Drone  
  86  6:52  Drone x6  
  100  6:54  Extractor x2  
  92  7:01  Glial Reconstitution  
  86  7:17  Hatchery  
  86  7:19  Zerg Ground Armor Level 1  
  86  7:21  Muscular Augments  
  74  7:37  Hydralisk, Roach  
  74  7:38  Hydralisk x4, Roach  
  74  7:39  Roach  
  74  7:40  Zergling x10, Roach  
  97  7:45  Pneumatized Carapace  
  97  7:47  Zergling x2  
  97  7:48  Zergling x12  
  97  7:49  Zergling x4  
  97  7:50  Zergling x2  
  107  8:03  Hydralisk  
  107  8:04  Hydralisk x2  
  113  8:08  Overlord  
  113  8:09  Overlord x2  
  113  8:11  Overlord  
  113  8:22  Infestation Pit  
  113  8:24  Drone x2  
  114  8:27  Drone  
  114  8:28  Drone x6  
  114  8:33  Grooved Spines  
  121  8:47  Hydralisk x4  
  121  8:48  Hydralisk, Roach x4  
  135  8:51  Roach  
  135  8:53  Roach  
  143  9:14  Hive  
  143  9:17  Hydralisk  
  143  9:18  Hydralisk x3  
  143  9:19  Zergling x2  
  143  9:21  Overlord  
  143  9:22  Overlord x2  
  152  9:24  Overlord  
  147  9:48  Drone x5  
  148  10:02  Hydralisk  
  148  10:03  Hydralisk x12  
  164  10:12  Overlord x3  
  153  10:18  Extractor  
  153  10:19  Extractor  
  149  10:23  Spire  
  148  10:29  Spore Crawler  
Show
View Real Time Build Order
Export as new Build Order

TilT Zerg 

Build Orders:  

Get SALT Encoding   

Show
View Real Time Build Order
Export as new Build Order

Wolf Zerg 

Build Orders:  

Get SALT Encoding   

Tags
 
Add a new tag
Caveats
  • Supply blocks, unpowered buildings, or Contaminate may cause inaccurate times.
  • Supply counts are checked every 10 seconds.